[Event "*** SCC Grand Prix: Titled Tuesday Blitz"]
[Site "Chess.com"]
[Date "2020.06.09"]
[Round "4"]
[White "Fins0905"]
[Black "Nyzhnyk_Illia"]
[Result "0-1"]
[WhiteElo "2657"]
[BlackElo "2877"]
[TimeControl "180+1"]
[EndTime "9:40:13 PDT"]
[Termination "Nyzhnyk_Illia won by resignation"]

1. d4 d5 2. c4 dxc4 3. Nf3 Nf6 4. e3 e6 5. Bxc4 a6 6. a4 c5 7. O-O cxd4 8. exd4 Nc6 9. Nc3 Be7 10. Bg5 O-O 11.
Re1 Nb4 12. Ne5 Nfd5 13. Bxe7 Nxe7 14. Qb3 Nbc6 15. Rad1 Na5 16. Qb4 Nxc4 17. Qxc4 b5 18. axb5 axb5 19. Qxb5 Ba6 20. Qc5 Bb7 21. h3 Rc8 22. Qa3 Nf5 23. Qa7 Rc7 24. Qb6 Nh4 25. d5 exd5 26. Qd4 Nf5 27. Qf4 Ne7 28. Nb5 Rc2 29.
b4 Ng6 30. Qg3 Nxe5 31. Qxe5 Qb6 32. Nd4 Rc4 33. b5 f6 34. Qe6+ Qxe6 35. Rxe6 Rb8 36. Re7 Kf8 37. Rd7 Bc8 38. Ra7 Rb7 39. Ra8 Kf7 40.
Raa1 Bd7 41. Rab1 Rc5 42. g3 Bxb5 43. Rb2 Ba6 44. Rdb1 Rxb2 45. Rxb2 Rc4 46. Nf5 Rc1+ 47. Kh2 Bd3 48. Ne3 Be4 49. g4 d4 50. Ng2 d3 51.
Rd2 Rc2 52. Rd1 Rxf2 53. Kg3 Rxg2+ 54. Kf4 Bd5 55. Rxd3 g5+ 56. Ke3 Rg3+ 57. Kd4 Rxd3+ 58. Kxd3 Bg2 0-1

[Event "*** SCC Grand Prix: Titled Tuesday Blitz"]
[Site "Chess.com"]
[Date "2020.06.09"]
[Round "4"]
[White "gui_borba"]
[Black "Papa12341234"]
[Result "1-0"]
[WhiteElo "2361"]
[BlackElo "2595"]
[TimeControl "180+1"]
[EndTime "9:40:13 PDT"]
[Termination "gui_borba won by checkmate"]

1. d4 Nf6 2. Bf4 g6 3. Nc3 d5 4.
e3 Bg7 5. h4 h6 6. Nb5 Na6 7. Nf3 c6 8. Nc3 Nc7 9. Ne5 Nd7 10.
Nxd7 Bxd7 11. h5 g5 12. Bg3 Ne6 13. Bd3 O-O 14. Ne2 f5 15. f4 g4 16. Qd2 c5 17.
c3 Rc8 18. Bh4 b5 19. Ng3 cxd4 20. cxd4 Nc7 21. O-O Qe8 22. Rac1 e6 23. Rc2 Na8 24. Rfc1 Rxc2 25. Rxc2 Nb6 26. b3 Qb8 27. Be7 Rc8 28.
Bc5 Bf8 29. Qb4 Bxc5 30. dxc5 Na8 31. Qd4 Kf7 32. b4 Qc7 33. c6 Bxc6 34. Bxb5 Qb7 35. Bxc6 Rxc6 36. Rxc6 Qxc6 37. Qh8 Nb6 38. Qh7+ Ke8 39.
Qxh6 Nc4 40. Qg6+ Kd7 41. Qg7+ Kd6 42. Qd4 a6 43. h6 Qe8 44. h7 e5 45. Qc5+ Ke6 46.
fxe5 Qh8 47. Qc6+ Kxe5 48. Qg6 Nxe3 49. Qg8 Qf6 50. h8=Q f4 51. Qe8+ Kd4 52. Qxf6+ Kd3 53. Qxf4 d4 54. Nf5 Nd5 55. Qxd4+ Kc2 56. Qe2+ Kb1 57.
Qeb2# 1-0

[Event "*** SCC Grand Prix: Titled Tuesday Blitz"]
[Site "Chess.com"]
[Date "2020.06.09"]
[Round "4"]
[White "pma83"]
[Black "rynos0411"]
[Result "0-1"]
[WhiteElo "2132"]
[BlackElo "2413"]
[TimeControl "180+1"]
[EndTime "9:40:15 PDT"]
[Termination "rynos0411 won by resignation"]

1. d4 Nf6 2. c4 e6 3. Nc3 d5 4. cxd5 Nxd5 5. e4 Nxc3 6. bxc3 c5 7. Nf3 cxd4 8. cxd4 Bb4+ 9. Bd2 Bxd2+ 10. Qxd2 O-O 11.
Bc4 Nd7 12. O-O b6 13. Rad1 Bb7 14. d5 exd5 15. Bxd5 Bxd5 16. Qxd5 Nc5 17. Qc4 Qe7 18. Rfe1 Rfd8 19. Nd4 Rac8 20. e5 h6 21. e6 Nxe6 22.
Nc6 Qc7 23. Rc1 Re8 24. Qa6 Nc5 25. Rxe8+ Rxe8 26. Qb5 Re6 27. Nd4 Qf4 28. Qb2 Rf6 29.
g3 Qe4 30. Rd1 Kh7 31. Qc2 Qxc2 32. Nxc2 Rf3 33. Ne3 Rf6 34. Rd8 Rc6 35. Nd5 Ne4 36.
Rd7 Rc1+ 37. Kg2 Nc5 38. Rxf7 Rc2 39. Rxa7 Ne4 40. Re7 Rxf2+ 41. Kg1 Re2 42. Nc3 Nxc3 43. Rc7 Re1+ 44. Kf2 Rc1 45. Ke3 Nd1+ 46. Kd2 Rxc7 47.
Kxd1 Ra7 48. a4 Kg6 49. Kc2 Kf5 50. Kb3 Ke5 51. Kb4 Ra5 0-1

[Event "*** SCC Grand Prix: Titled Tuesday Blitz"]
[Site "Chess.com"]
[Date "2020.06.09"]
[Round "4"]
[White "Falia-p"]
[Black "MisiekZielony"]
[Result "0-1"]
[WhiteElo "2395"]
[BlackElo "2138"]
[TimeControl "180+1"]
[EndTime "9:40:18 PDT"]
[Termination "MisiekZielony won on time"]

1. e4 Nf6 2. e5 Nd5 3. d4 d6 4. Nf3 Bg4 5. Be2 e6 6. O-O Be7 7. h3 Bh5 8. c4 Nb6 9. Nc3 O-O 10. exd6 cxd6 11. b3 a6 12. Bb2 d5 13. c5 N6d7 14. b4 Nc6 15. a3 Bf6 16. Na4 Bxf3 17. Bxf3 b5 18. cxb6 Nxb6 19. Nxb6 Qxb6 20. Qd3 Bxd4 21. Bxd4 Qxd4 22. Qc2 Qb6 23. Qb2 Nd4 24. Bg4 Rfc8 25. Rfd1 Nb5 26. Rd3 Nd6 27. Re1 Ne4 28. Bf3 Nf6 29.
Bd1 Rc7 30. Rg3 d4 31. Bc2 Rac8 32. Bb1 Rc3 33. Rg5 Qc7 34. Qd2 Rc1 35. Re5 Rxe1+ 36.
Rxe1 Qc3 37. Qe2 Rc6 38. g4 h6 39. h4 Qc4 40. Qf3 Qd5 41. Qd3 Rc3 42. Qxa6 g6 0-1

[Event "*** SCC Grand Prix: Titled Tuesday Blitz"]
[Site "Chess.com"]
[Date "2020.06.09"]
[Round "4"]
[White "angryhorse9"]
[Black "gumimis"]
[Result "1-0"]
[WhiteElo "2330"]
[BlackElo "2143"]
[TimeControl "180+1"]
[EndTime "9:40:18 PDT"]
[Termination "angryhorse9 won by checkmate"]

1. e4 c5 2. Nf3 d6 3. Bb5+ Nd7 4. Ba4 Nf6 5. O-O e6 6. d4 cxd4 7. Nxd4 Be7 8. Nc3 O-O 9. Bxd7 Bxd7 10. Be3 Rc8 11. Qd3 a6 12. h3 b5 13. a3 Qc7 14.
Rad1 Rfd8 15. f4 Qc4 16. Qd2 d5 17. e5 Ne4 18. Nxe4 dxe4 19. c3 Be8 20. Qf2 Rd5 21.
Qg3 Qc7 22. Nf5 Bf8 23. Rxd5 exd5 24. Nd4 Bd7 25. f5 Bc5 26. Kh1 Re8 27. Bf4 Qb6 28.
f6 g6 29. Qh4 Bf8 30. Bh6 Qc5 31. Bf4 a5 32. Rc1 b4 33. axb4 axb4 34. Kh2 bxc3 35. bxc3 Qc4 36. Rc2 Qd3 37. Bh6 e3 38. Bxf8 Qe4 39.
Qh6 Qxe5+ 40. Kh1 Qxf6 41. Bc5 Qf1+ 42. Kh2 e2 43. Nxe2 Rxe2 44. Qf8# 1-0

[Event "*** SCC Grand Prix: Titled Tuesday Blitz"]
[Site "Chess.com"]
[Date "2020.06.09"]
[Round "4"]
[White "BronceYSueno"]
[Black "mamonika"]
[Result "1-0"]
[WhiteElo "2252"]
[BlackElo "1928"]
[TimeControl "180+1"]
[EndTime "9:40:19 PDT"]
[Termination "BronceYSueno won by checkmate"]

1. Nf3 d5 2. c4 Nf6 3. g3 g6 4. cxd5 Nxd5 5. Nc3 Bg7 6. Bg2 Nxc3 7. bxc3 c5 8. O-O Nc6 9. Bb2 O-O 10. Rc1 Be6 11. a3 Qb6 12. Ba1 Rfd8 13. Rb1 Qa6 14. Qc1 Qxe2 15.
Rxb7 Bd5 16. Re1 Qd3 17. Re3 Qf5 18. Nh4 Qh5 19. Bxd5 Qxd5 20. Nf3 Nd4 21. cxd4 Qxb7 22. dxc5 Bxa1 23. Qxa1 Rab8 24. Qc3 Qb1+ 25. Kg2 Rbc8 26.
Rxe7 Qf5 27. d4 a6 28. Re5 Qf6 29. Qc4 Rc7 30. Re4 Rdc8 31. Rf4 Qe6 32. Qd3 Qd5 33. Qe3 Rb8 34. Re4 Rb3 35. Re8+ Kg7 36. Qf4 Rd7 37.
Re5 Qc6 38. Re3 Rxe3 39. fxe3 Qd5 40. Qe5+ Qxe5 41. Nxe5 Rc7 42. Kf3 Kf6 43. Ke4 Ke6 44. d5+ Kf6 45. Kd4 Re7 46. Nc6 Rc7 47. e4 Kg7 48. Nb4 f5 49. e5 Rd7 50. d6 a5 51.
Nd3 Kf7 52. Kd5 Rd8 53. c6 Rb8 54. e6+ Kf6 55. d7 Ke7 56. Nc5 Rb5 57. c7 Rb1 58. d8=Q# 1-0

[Event "*** SCC Grand Prix: Titled Tuesday Blitz"]
[Site "Chess.com"]
[Date "2020.06.09"]
[Round "4"]
[White "Kislov_Oleg"]
[Black "GoltsevDmitry2000"]
[Result "0-1"]
[WhiteElo "2400"]
[BlackElo "2628"]
[TimeControl "180+1"]
[EndTime "9:40:20 PDT"]
[Termination "GoltsevDmitry2000 won on time"]

1. e4 c5 2. Nf3 e6 3. c3 Nc6 4. d4 cxd4 5. cxd4 d5 6. e5 Nge7 7. Nc3 Nf5 8. Be2 h5 9. O-O Be7 10. h3 g5 11. g4 hxg4 12. hxg4 Nh4 13. Nxh4 Rxh4 14. Be3 a6 15. Kg2 b5 16. Rh1 Bb7 17. Rxh4 gxh4 18. f4 Kd7 19. Kh3 Rc8 20. f5 Bg5 21. Qd2 Bxe3 22. Qxe3 Qb6 23. Rd1 Ne7 24. Bd3 Rh8 25. f6 Nc6 26. Be2 Qa5 27. a3 b4 28.
axb4 Qxb4 29. Rd2 Na5 30. g5 Rg8 31. Kxh4 Rh8+ 32. Kg3 Rg8 33. Kf4 Nb3 34. Rd3 Na5 35.
b3 Bc6 36. Bd1 Rh8 37. Kg3 Qa3 38. Na4 Bxa4 39. bxa4 Qa2 40. Rd2 Qa1 41. Qd3 Nc4 42. Rh2 Rg8 43. Kf4 Qc1+ 44. Kf3 Qxg5 0-1

[Event "*** SCC Grand Prix: Titled Tuesday Blitz"]
[Site "Chess.com"]
[Date "2020.06.09"]
[Round "4"]
[White "JoachimMouhamad"]
[Black "FranciscodelaF"]
[Result "1-0"]
[WhiteElo "2473"]
[BlackElo "2321"]
[TimeControl "180+1"]
[EndTime "9:40:20 PDT"]
[Termination "JoachimMouhamad won by resignation"]

1. e4 d5 2. exd5 Nf6 3. d4 Bg4 4. Nf3 Qxd5 5. Be2 e6 6. O-O Nc6 7. c4 Qd7 8. Be3 O-O-O 9. Nbd2 h6 10. a3 g5 11. b4 Bd6 12. b5 Na5 13. Qa4 b6 14.
Rab1 Bf4 15. Nb3 Nxb3 16. Qxa7 Qd6 17. c5 bxc5 18. dxc5 Nxc5 19. Bxc5 Qd5 20. Rfd1 Qb7 21. Qa4 Rxd1+ 22. Rxd1 Rd8 23. Rxd8+ Kxd8 24. Qb4 Nd5 25. Qb2 Bxf3 26. Bxf3 Kd7 27. a4 Bd6 28. Bxd6 Kxd6 29.
a5 c6 30. b6 c5 31. Qb5 Qc6 32. Qxc6+ Kxc6 33. Kf1 Kb7 34. Ke2 Ka6 35. Kd3 Nb4+ 36. Kc4 Kxa5 37. Kxc5 Na6+ 38. Kc6 Nb4+ 39. Kc7 Na6+ 40.
Kc6 Nb4+ 41. Kc5 Na6+ 42. Kd6 Kxb6 43. Ke7 Kc5 44. Kxf7 e5 45. Kg6 Kd4 46. Kxh6 Nc5 47. Kxg5 Nd3 48. h4 Nxf2 49. h5 e4 50. Bxe4 Nxe4+ 51. Kg6 Ke5 52. h6 Nf6 53. g4 Ke6 54. g5 Nd7 55. h7 Nf8+ 56. Kg7 Nxh7 57. Kxh7 Kf5 58. g6 Kg4 59. g7 Kh5 60. g8=Q 1-0

[Event "*** SCC Grand Prix: Titled Tuesday Blitz"]
[Site "Chess.com"]
[Date "2020.06.09"]
[Round "4"]
[White "AnishGiri"]
[Black "Maghalashvili"]
[Result "1-0"]
[WhiteElo "2968"]
[BlackElo "2765"]
[TimeControl "180+1"]
[EndTime "9:40:23 PDT"]
[Termination "AnishGiri won by resignation"]

1. d4 d5 2. c4 e6 3. Nc3 Be7 4. cxd5 exd5 5. Bf4 c6 6. e3 Bf5 7. Nge2 Nd7 8. h4 h5 9. Ng3 Bg6 10. Be2 Ngf6 11. Bd3 Bxd3 12. Qxd3 g6 13. Nge2 Nf8 14.
f3 Ne6 15. Be5 Bd6 16. Nf4 Bxe5 17. dxe5 Nxf4 18. exf4 Nd7 19. O-O-O Qe7 20. Qc2 Nb6 21. f5 gxf5 22. Qxf5 Qe6 23. Qg5 Qe7 24. f4 Nc4 25.
Rd3 Qb4 26. Nd1 Qc5 27. Kb1 a5 28. Re1 Qe7 29. Nc3 Qxg5 30. hxg5 O-O-O 31. b3 Nb6 32.
Ne2 Nd7 33. Rc1 Nf8 34. Nd4 Ne6 35. Ne2 h4 36. Rh1 d4 37. Kc1 c5 38. a4 Kc7 39.
Kd2 Kc6 40. Rdh3 b5 41. axb5+ Kxb5 42. Rxh4 Rxh4 43. Rxh4 a4 44. bxa4+ Kxa4 45. f5 Nxg5 46. Rg4 Rg8 47. Kd3 Kb5 48. Rg3 Kc6 49. Kc4 Re8 50. Rxg5 Rxe5 51. Nf4 Re1 52. Nd3 Re2 53. f6 Rc2+ 54.
Kb3 Rc3+ 55. Kb2 Rxd3 56. Rg7 Rd2+ 57. Kb3 Rxg2 58. Rxg2 Kd5 59. Rg5+ Ke6 60. Kc4 Kxf6 61. Rxc5 Ke6 62. Kxd4 f5 63. Ke3 1-0

[Event "*** SCC Grand Prix: Titled Tuesday Blitz"]
[Site "Chess.com"]
[Date "2020.06.09"]
[Round "4"]
[White "harlem4brew"]
[Black "BIG_Pirate"]
[Result "0-1"]
[WhiteElo "2196"]
[BlackElo "2425"]
[TimeControl "180+1"]
[EndTime "9:40:24 PDT"]
[Termination "BIG_Pirate won by checkmate"]

1. e4 d5 2. exd5 Qxd5 3. Nc3 Qa5 4. Nf3 Nf6 5. d4 Bg4 6. Bc4 Nc6 7. Bd2 O-O-O 8.
Ne2 Qh5 9. Ng3 Bxf3 10. gxf3 Qh3 11. c3 e5 12. Be2 exd4 13. cxd4 Nxd4 14. Rc1 Kb8 15. a3 Bd6 16. Ba5 Nxe2 17. Nxe2 Qxf3 18. Rg1 Rhe8 19. Rc2 Bb4+ 20. Bxb4 Rxd1+ 21. Kxd1 Ne4 22. Rxg7 Nxf2+ 23. Kc1 b6 24. Rg3 Qd5 25. Nc3 Qh1+ 26. Kd2 Ne4+ 27. Kd3 Nxg3 28. hxg3 Qf3+ 29. Kc4 Qxg3 30.
a4 Qf3 31. Ba3 Qc6+ 32. Kb3 Qe6+ 33. Kb4 f5 34. Nb5 a5+ 35. Kc3 f4 36. Kd3 Qe3+ 37. Kc4 Qe4+ 38. Kb3 Qd5+ 39. Rc4 f3 40. Nc3 Qxc4+ 41.
Kxc4 f2 42. Kd5 f1=Q 43. Kc6 Qc4+ 44. Kd7 Rg8 45. Be7 Rg7 46. Ke8 Qe6 47. Kf8 Qxe7# 0-1

[Event "*** SCC Grand Prix: Titled Tuesday Blitz"]
[Site "Chess.com"]
[Date "2020.06.09"]
[Round "4"]
[White "sergiochess83"]
[Black "GregShahade"]
[Result "1-0"]
[WhiteElo "2829"]
[BlackElo "2564"]
[TimeControl "180+1"]
[EndTime "9:40:25 PDT"]
[Termination "sergiochess83 won on time"]

1. c4 c5 2. Nf3 g6 3. d4 cxd4 4. Nxd4 Nc6 5. e4 Nf6 6. Nc3 d6 7. f3 Nxd4 8. Qxd4 Bg7 9. Be3 O-O 10. Qd2 Qa5 11. Rc1 Be6 12. Be2 Rfc8 13. b3 a6 14. Na4 Qxd2+ 15. Kxd2 Nd7 16. Rc2 f5 17. exf5 Bxf5 18. Rcc1 Rc6 19. g4 Be6 20. f4 Nc5 21. Bf3 Rc7 22. Nb6 Rf8 23. Rhf1 Nd7 24. Nd5 Bxd5 25.
Bxd5+ Kh8 26. g5 Nc5 27. h4 h5 28. Ke2 Kh7 29. Bg2 e5 30. fxe5 Rxf1 31. Rxf1 dxe5 32.
Bxc5 Rxc5 33. Bxb7 Rc7 34. Bd5 a5 35. Kd3 e4+ 36.
Bxe4 Rd7+ 37. Bd5 Re7 38. a3 Ra7 39. c5 Rd7 40. Kc4 Re7 41. b4 axb4 42. axb4 Re3 43. Rf3 Re1 44. Rf4 Rc1+ 45. Kb5 Be5 46. Re4 Bg3 47.
Kc6 Rb1 48. b5 Rb2 49. b6 Bf2 50. Rc4 Bg3 51. Kb7 Rf2 52. c6 Re2 53. c7 Re7 54. Kc6 Re8 55. Kd7 Ra8 56. Bxa8 1-0

[Event "*** SCC Grand Prix: Titled Tuesday Blitz"]
[Site "Chess.com"]
[Date "2020.06.09"]
[Round "4"]
[White "PlayChessSimple"]
[Black "KNVB"]
[Result "0-1"]
[WhiteElo "2497"]
[BlackElo "2705"]
[TimeControl "180+1"]
[EndTime "9:40:26 PDT"]
[Termination "KNVB won on time"]

1. e4 b6 2. d4 Bb7 3. Bd3 e6 4. Ne2 Nf6 5. Nbc3 d5 6. e5 Ng8 7. Nf4 Ba6 8. Bxa6 Nxa6 9. Qg4 Nb4 10. Qe2 Qd7 11. Be3 Ne7 12. O-O Nf5 13. a3 Nc6 14.
Rad1 Be7 15. Nh5 O-O-O 16. Ng3 g6 17. Nxf5 gxf5 18. Qd3 h5 19. Ne2 h4 20. h3 Kb7 21.
Nf4 Rhg8 22. c4 dxc4 23. Qxc4 Bg5 24. Ne2 Bxe3 25. fxe3 Ne7 26. Nf4 Rg3 27. Rf3 Rxf3 28. gxf3 Ng6 29. Nxg6 fxg6 30. f4 g5 31. fxg5 Rg8 32.
Kf2 Rxg5 33. Rg1 Rxg1 34. Kxg1 Qg7+ 35. Kf1 Qg3 36. Qxe6 Qf3+ 37. Kg1 Qxe3+ 38. Kg2 Qg3+ 39. Kh1 Qxh3+ 40. Kg1 Qg3+ 41. Kh1 Qf3+ 42. Kh2 h3 43. Qg8 f4 44. e6 Qe2+ 45. Kxh3 f3 46. e7 f2 47. Qg2+ Ka6 48. e8=Q Qxe8 49. Qxf2 Qe4 50. Qf1+ Kb7 51. Qf2 a5 52. Kh2 Kc6 53. Kh3 a4 54. Kh2 Kd5 55. Kh3 Qh7+ 56. Kg3 Qg7+ 57. Kh2 Qh8+ 58.
Kg3 Qxd4 0-1

[Event "*** SCC Grand Prix: Titled Tuesday Blitz"]
[Site "Chess.com"]
[Date "2020.06.09"]
[Round "4"]
[White "OhanyanEminChess"]
[Black "MarcoRiehle"]
[Result "0-1"]
[WhiteElo "2442"]
[BlackElo "2644"]
[TimeControl "180+1"]
[EndTime "9:40:26 PDT"]
[Termination "MarcoRiehle won on time"]

1. e4 e5 2. Nf3 Nf6 3. Nxe5 Nxe4 4. Qe2 Qe7 5. Qxe4 d6 6. d4 dxe5 7. Qxe5 Qxe5+ 8. dxe5 Bf5 9. Nc3 Nc6 10. Bb5 O-O-O 11. Bxc6 bxc6 12. Be3 Bxc2 13. Bxa7 c5 14. Rc1 Bd3 15.
Na4 c4 16. Nc5 Bxc5 17. Bxc5 Rhe8 18. f4 f6 19. Kf2 fxe5 20. Rhe1 exf4 21. Rxe8 Rxe8 22.
Re1 Rd8 23. Bb4 g5 24. Bc3 h6 25. Re7 Bf5 26. Rf7 Rd5 27. a4 Kb7 28. a5 h5 29. g3 fxg3+ 30. hxg3 h4 31. gxh4 gxh4 32. Rf6 c6 33. Rh6 h3 34. Kg3 Rd3+ 35. Kf4 Bd7 36.
Be5 Ka6 37. Bc3 Rd5 38. Kg3 Kb5 39. Rh7 Rd3+ 40. Kf4 Rd1 41. Kg3 Ka6 42. Rh8 Rg1+ 43. Kf2 Rg2+ 44. Kf3 Bg4+ 45. Kf4 h2 46. Ra8+ Kb7 47. Rh8 Bd7 48. Rh7 Ka6 49. Rh8 Be6 50.
Ra8+ Kb7 51. Rh8 Bd5 52. Rh7+ Ka6 53. Bd4 Kxa5 54. Ke5 h1=Q 55. Rxh1 Re2+ 56. Kd6 Bxh1 57. Kc5 Ka4 58. Bc3 Kb3 0-1

[Event "*** SCC Grand Prix: Titled Tuesday Blitz"]
[Site "Chess.com"]
[Date "2020.06.09"]
[Round "4"]
[White "pitterson"]
[Black "TomsKantans"]
[Result "0-1"]
[WhiteElo "2400"]
[BlackElo "2637"]
[TimeControl "180+1"]
[EndTime "9:40:26 PDT"]
[Termination "TomsKantans won by resignation"]

1. d4 Nf6 2. c4 g6 3. Nc3 d5 4.
cxd5 Nxd5 5. e4 Nxc3 6. bxc3 Bg7 7. Bg5 c5 8. Rc1 Qa5 9. Qd2 Nc6 10. Nf3 Bg4 11.
d5 Bxf3 12. gxf3 Ne5 13. Be2 c4 14. O-O Rc8 15. f4 Nd3 16. Bxd3 cxd3 17. Qxd3 Qc5 18. e5 O-O 19. Rb1 f6 20. Bh4 b6 21. Rb5 Qxc3 22. Qxc3 Rxc3 23. d6 exd6 24. exf6 Bxf6 25. Bxf6 Rxf6 26.
Rd5 Rc5 27. Rfd1 Rxd5 28. Rxd5 Kf7 29. a4 Ke6 30. Rb5 Rxf4 31. a5 bxa5 32. Rxa5 Rf7 33.
Kf1 d5 34. Ke2 Ke5 35. f3 Rb7 36. Ke3 g5 37. h3 h6 38. Ke2 Kf4 39. Rxd5 Kg3 40.
Rd6 Rh7 41. Ke3 Kxh3 42. f4 Kg4 43. fxg5 hxg5 44. Rd1 a5 45. Rg1+ Kf5 46. Ra1 Re7+ 47. Kf3 Re5 48. Kg3 Re3+ 49. Kf2 Re5 50. Kg3 Rb5 51. Ra4 Ke6 52. Re4+ Kd6 53. Ra4 Kc6 54. Kg4 Rb4+ 55. Rxb4 axb4 56. Kxg5 b3 57. Kf4 b2 58.
Ke3 b1=Q 0-1

[Event "*** SCC Grand Prix: Titled Tuesday Blitz"]
[Site "Chess.com"]
[Date "2020.06.09"]
[Round "4"]
[White "CyberneticLion"]
[Black "chesslh19"]
[Result "0-1"]
[WhiteElo "2393"]
[BlackElo "2125"]
[TimeControl "180+1"]
[EndTime "9:40:26 PDT"]
[Termination "chesslh19 won by resignation"]

1. e4 c5 2. c4 Nc6 3. Nf3 e6 4. d4 cxd4 5. Nxd4 Nf6 6. Nxc6 bxc6 7. e5 Qa5+ 8. Nc3 Qxe5+ 9. Be2 Bc5 10. O-O O-O 11.
Rb1 a5 12. Bf3 d5 13. Na4 Ba7 14.
c5 Qc7 15. Bg5 Nd7 16. Be7 Re8 17. Bd6 Qd8 18. Re1 e5 19. Bg4 e4 20. Qd4 Ba6 21.
a3 Bb5 22. Nc3 Bd3 23. Rbd1 Qf6 24. Qa4 Nxc5 25. Qxc6 Nb7 26. Qxb7 Bxf2+ 27. Kh1 Qxd6 28. Qxd5 Qxd5 29. Nxd5 Bxe1 30. Nc7 Bf2 31. Nxa8 Rxa8 32. g3 g6 33. Kg2 Bd4 34. Rd2 f5 35. Be2 Bxe2 36.
Rxd4 Bd3 37. Kf2 Rb8 38. b4 axb4 39. axb4 Kf7 40. Rd7+ Ke6 41. Rxh7 Rxb4 42. Ke3 Rb2 43. h4 Re2+ 44. Kf4 Rf2+ 45. Kg5 Rg2 46. Kf4 Rf2+ 47.
Kg5 Rf3 48. g4 Rg3 49. Kxg6 Rxg4+ 50. Kh5 Rg1 51. Rh6+ Ke5 52. Rh8 e3 53. Re8+ Kf4 54.
Kh6 Be4 55. Kh7 e2 56. h5 e1=Q 57. h6 Qg3 58. Kh8 Qg6 59. Rxe4+ fxe4 0-1

[Event "*** SCC Grand Prix: Titled Tuesday Blitz"]
[Site "Chess.com"]
[Date "2020.06.09"]
[Round "4"]
[White "exoticprincess"]
[Black "albi1999"]
[Result "0-1"]
[WhiteElo "2770"]
[BlackElo "2566"]
[TimeControl "180+1"]
[EndTime "9:40:27 PDT"]
[Termination "albi1999 won on time"]

1. d4 d5 2. c4 e6 3. Nc3 Nf6 4.
cxd5 Nxd5 5. e4 Nxc3 6. bxc3 c5 7. d5 exd5 8. Qxd5 Qc7 9. Bb5+ Bd7 10. Bxd7+ Nxd7 11. Nf3 Be7 12. Rb1 Nb6 13. Qf5 O-O 14. Bf4 Qc6 15. O-O Rad8 16. Rfe1 Rfe8 17. h3 Qe6 18. Qxe6 fxe6 19. Bc7 Ra8 20. Bxb6 axb6 21.
Rxb6 Rxa2 22. Rxb7 Rc2 23. Re3 Bd6 24. e5 Bf8 25. Ng5 h6 26. Ne4 Rd8 27. g4 Rd5 28. Ng3 c4 29. Rb8 Rcd2 30. Re8 Rd8 31. Rxe6 Bc5 32. Rf3 R8d3 33. Rxd3 cxd3 34. Ne4 Re2 35.
Re8+ Kh7 36. Nxc5 d2 37. Rd8 Re1+ 38. Kg2 d1=Q 39. Rxd1 Rxd1 40. f4 Rd5 41. Ne4 Rd3 42. Kf2 Rxh3 43. f5 Kg8 44. c4 Kf8 45. c5 Rd3 46. c6 Rd4 47. Nd6 Rd2+ 48. Ke3 Rc2 49. Ke4 Rxc6 50. Kd5 Rc1 51. e6 Rg1 52. Kc6 Ke7 53.
Nc8+ Kf6 54. e7 Re1 55. Kd7 g6 0-1

[Event "*** SCC Grand Prix: Titled Tuesday Blitz"]
[Site "Chess.com"]
[Date "2020.06.09"]
[Round "4"]
[White "Angel_Hranitel_37"]
[Black "Oneofmyturns"]
[Result "0-1"]
[WhiteElo "2372"]
[BlackElo "2567"]
[TimeControl "180+1"]
[EndTime "9:40:27 PDT"]
[Termination "Oneofmyturns won by checkmate"]

1. d4 Nf6 2. Nf3 d5 3. c4 e6 4. g3 dxc4 5. Bg2 c5 6. O-O Nc6 7. Ne5 Qb6 8. Na3 cxd4 9. Naxc4 Qa6 10. Nxc6 bxc6 11. Qxd4 Bb7 12. Nd6+ Bxd6 13. Qxd6 Rd8 14. Qb4 Nd5 15. Qg4 Kf8 16. Bg5 f6 17. Bd2 Kf7 18.
Rfd1 Rhe8 19. e4 Nb6 20. Qh5+ Kg8 21. e5 f5 22. Bg5 Rc8 23. g4 c5 24. Rd6 Bxg2 25.
Kxg2 Qb7+ 26. Kg1 Qf3 27. h3 Rf8 28. Be3 Nc4 29. Rd7 Nxe3 30. fxe3 Qxe3+ 31. Kh1 Qe4+ 32.
Kg1 Qxe5 33. Rad1 Rc7 34. g5 Qf4 35. Rd8 Rf7 36. Rxf8+ Rxf8 37. Rd7 Qc1+ 38. Kg2 Qxb2+ 39. Kg1 Qa1+ 40. Kg2 Qxa2+ 41. Kg1 Qb1+ 42. Kg2 Qb2+ 43. Kg1 Qe5 44. Qf3 Qe1+ 45. Kh2 Qe4 46. Kg1 Qxf3 47. h4 Qg3+ 48. Kf1 Qxh4 49. g6 Qf4+ 50. Kg2 Qg4+ 51. Kf2 hxg6 52. Ke3 Rb8 53. Rd3 Qe4+ 54. Kd2 Rb2+ 55. Kc3 Qb4# 0-1

[Event "*** SCC Grand Prix: Titled Tuesday Blitz"]
[Site "Chess.com"]
[Date "2020.06.09"]
[Round "4"]
[White "LuckSlayeer"]
[Black "Ruchess27"]
[Result "1-0"]
[WhiteElo "2458"]
[BlackElo "2299"]
[TimeControl "180+1"]
[EndTime "9:40:27 PDT"]
[Termination "LuckSlayeer won by checkmate"]

1. e4 e5 2. Nf3 Nc6 3. Nc3 Nf6 4. d4 exd4 5. Nxd4 Bb4 6. Nxc6 bxc6 7. Bd3 O-O 8. O-O d5 9. exd5 cxd5 10. h3 c6 11. Qf3 h6 12. Bf4 Re8 13. a3 Bd6 14. b4 a5 15.
Rab1 axb4 16. axb4 Be6 17. Bxd6 Qxd6 18. Qg3 Qxg3 19.
fxg3 Reb8 20. Ne2 Rb6 21. Nd4 Rab8 22. c3 Nd7 23. Rbe1 c5 24. Nxe6 fxe6 25. Bg6 Rf8 26. bxc5 Rxf1+ 27. Rxf1 Nxc5 28. Rf7 Rb8 29. Rc7 Ne4 30.
Bf7+ Kh7 31. Bxe6 Nxg3 32. Kh2 Ne2 33. Bf5+ Kh8 34. Be6 Rd8 35. Rc5 d4 36. cxd4 Nxd4 37. Bd5 Kh7 38. Bc4 Kh8 39. Rc7 Kh7 40. Ra7 Kh8 41.
Kg3 Kh7 42. Kf2 Kg6 43. g4 Kf6 44. Ra6+ Kg5 45. Kg3 Ne2+ 46. Bxe2 Rd4 47. h4# 1-0

[Event "*** SCC Grand Prix: Titled Tuesday Blitz"]
[Site "Chess.com"]
[Date "2020.06.09"]
[Round "4"]
[White "maciek_92"]
[Black "Benjoneliere44"]
[Result "0-1"]
[WhiteElo "2663"]
[BlackElo "2488"]
[TimeControl "180+1"]
[EndTime "9:40:28 PDT"]
[Termination "Benjoneliere44 won by resignation"]

1. e4 c5 2. Nf3 d6 3. d4 cxd4 4. Nxd4 Nf6 5. Nc3 g6 6. Be3 Bg7 7. f3 O-O 8. Qd2 Nc6 9. Bc4 Bd7 10. h4 h5 11. O-O-O Ne5 12. Be2 Rc8 13. Kb1 Nc4 14. Bxc4 Rxc4 15. Nde2 b5 16. Bh6 Qa5 17. Nd5 Qxd2 18.
Nxe7+ Kh7 19. Bxd2 Nxe4 20. fxe4 Rxe4 21. Nc3 Rxe7 22.
Nd5 Re2 23. Nf4 Re4 24. g3 Bf5 25. Rh2 Rc8 26. Nd3 Rg4 27. Bf4 Bxd3 28. Rxd3 Be5 29.
Bxe5 dxe5 30. Rd7 Rxg3 31. Rxf7+ Kg8 32. Rf1 Rf8 33. Re1 Re3 34. Rg1 Kg7 35. Kc1 Ref3 36. Rgg2 e4 37. Re2 e3 38. c3 Rf2 39. Kd1 Rxh2 40.
Rxh2 g5 41. Ke2 g4 42. Kxe3 Rf3+ 43. Ke4 Kf6 44. a3 a5 45. Kd4 g3 46. Rg2 Kf5 47.
Kc5 Kg4 48. Kxb5 Kxh4 49. Kxa5 Kg4 50. c4 h4 51. c5 h3 52. Rg1 h2 53. Rc1 g2 54. c6 g1=Q 55. Rc4+ Kg3 56. c7 Rf8 57. Rc3+ Kg4 0-1

[Event "*** SCC Grand Prix: Titled Tuesday Blitz"]
[Site "Chess.com"]
[Date "2020.06.09"]
[Round "4"]
[White "ditkin25"]
[Black "ZarinaShafigullina"]
[Result "0-1"]
[WhiteElo "2414"]
[BlackElo "2242"]
[TimeControl "180+1"]
[EndTime "9:40:28 PDT"]
[Termination "ZarinaShafigullina won by checkmate"]

1. e4 c5 2. Nf3 Nc6 3. Nc3 Nf6 4.
d4 cxd4 5. Nxd4 e5 6. Ndb5 d6 7. Nd5 Nxd5 8. exd5 Nb8 9. c4 Be7 10. Bd3 O-O 11. O-O f5 12. f3 Nd7 13. Kh1 Nf6 14. Be3 f4 15. Bg1 g5 16. Nxa7 Bd7 17. b4 Kg7 18. c5 dxc5 19. d6 Bxd6 20. bxc5 Be7 21.
Nb5 Nd5 22. Qe2 Bxb5 23. Bxb5 Nc3 24. Qc4 Nxb5 25. Qxb5 Qc7 26. Rfe1 Rfd8 27. Qb2 Bf6 28. Rab1 e4 29. Qxb7 Qxb7 30. Rxb7+ Kg6 31. fxe4 Rxa2 32. e5 Bg7 33. e6 Bf6 34. c6 Rc2 35. c7 Rdd2 36.
e7 Bxe7 37. Rxe7 Rd1 38. Rb6+ Kf5 39. Rbe6 Rcc1 40. Re1 Rxe1 41. Rxe1 Rxc7 42. h3 Rc2 43. Bd4 h5 44. Re5+ Kg6 45. Rc5 Rd2 46. Rc6+ Kf5 47. Bg7 g4 48. Rc5+ Kg6 49. Be5 Rd1+ 50. Kh2 g3# 0-1

[Event "*** SCC Grand Prix: Titled Tuesday Blitz"]
[Site "Chess.com"]
[Date "2020.06.09"]
[Round "4"]
[White "bait_or_mate"]
[Black "eightbyeightchess"]
[Result "1-0"]
[WhiteElo "2595"]
[BlackElo "2386"]
[TimeControl "180+1"]
[EndTime "9:40:29 PDT"]
[Termination "bait_or_mate won by resignation"]

1. d4 d5 2. c4 c6 3. cxd5 cxd5 4.
Bf4 Nf6 5. Nc3 Nc6 6. e3 a6 7.
Bd3 Bg4 8. Nge2 e6 9. O-O Bd6 10.
f3 Bh5 11. Rc1 O-O 12. Na4 Rc8 13. Bxd6 Qxd6 14. Nf4 e5 15. Nxh5 Nxh5 16. f4 e4 17. Bxe4 Nf6 18. Bf3 Rfe8 19. Qd2 Re7 20. Nc5 Rce8 21.
Rfe1 h6 22. Nd3 Ne4 23. Bxe4 Rxe4 24. Ne5 f6 25. Nxc6 bxc6 26. Rc3 Qb4 27. Kf2 c5 28. a3 Qa5 29. Rd3 Qxd2+ 30. Rxd2 c4 31. b3 cxb3 32.
Rb2 Rb8 33. Reb1 Rc8 34. Rxb3 Rc2+ 35. Kf3 Kh7 36. R1b2 Rc1 37. Rb6 Rf1+ 38. Rf2 Re1 39. Re2 Rf1+ 40. Kg3 Rc1 41. Rxa6 Rc3 42. Kf2 Re7 43.
Ra8 Rb7 44. a4 Kg6 45. a5 Ra3 46. Rc2 Rb5 47. a6 Rbb3 48. Re2 Rb6 49. Rd8 Rb5 50.
Rd6 Rba5 51. g4 Rxa6 52. Rxd5 Rb6 53. h4 Rbb3 54. h5+ Kf7 55. Rc5 Ke6 56. Rc7 Rb1 57.
Rxg7 Raa1 58. Rh7 Rf1+ 59. Kg2 Rg1+ 60. Kf3 Raf1+ 61. Ke4 Ra1 62. Rxh6 Rxg4 63. d5+ Ke7 64. Kf5 Rgg1 65. Rb2 Ra7 66. Rh7+ 1-0